 Dungeon Crawl Stone Soup version 0.26-a0-651-gb41185065b (webtiles) character file.

Game seed: 1522440528955837906

215952 looop the Brawler (level 18, -27/166 HPs)
             Began as a Purple Draconian Transmuter on Sept 28, 2020.
             Was the Champion of Wu Jian.
             Killed from afar by a merfolk aquamancer (33 damage)
             ... with a torrent of water
             ... on level 4 of the Shoals on Sept 29, 2020.
             The game lasted 01:52:38 (43515 turns).

looop the Brawler (Purple Draconian Transmuter)    Turns: 43515, Time: 01:52:39

Health: -27/166    AC: 15    Str: 17    XL:     18   Next: 34%
Magic:  25/28      EV: 21    Int: 16    God:    Wu Jian [******]
Gold:   102        SH:  0    Dex: 18    Spells: 4/30 levels left

rFire    + . .     SeeInvis .     - Unarmed
rCold    + . .     Faith    .   (shield currently unavailable)
rNeg     . . .     Spirit   .   (armour unavailable)
rPois    +         Reflect  .   I - +2 hat
rElec    .         Harm     .   y - scarf {rC+ rF+}
rCorr    .         Rampage  .   (gloves currently unavailable)
MR       +++..                  W - +2 pair of boots {Stlth+}
Stlth    +++.......             L - amulet of regeneration
HPRegen  0.77/turn              N - ring of Cextakir {rPois MR+ Dex+5 Slay-3}
MPRegen  0.21/turn              d - +4 ring of slaying

@: lethally poisoned (-27 -> -40), about to teleport, blade hands, stab
A: breathe power, unfitting armour, screaming 1, cold-blooded, AC +10
}: 1/15 runes: serpentine
a: Breathe Dispelling Energy, End Transformation, Wall Jump, Serpent's Lash,
Heavenly Storm, Renounce Religion


You were on level 4 of the Shoals.
You worshipped Wu Jian.
Wu Jian was exalted by your worship.
You had blades for hands.
You visited 7 branches of the dungeon, and saw 32 of its levels.

You collected 3475 gold pieces.
You spent 3373 gold pieces at shops.

Inventory:

Hand Weapons
 b - the +9 fustibalus of Vanarghil {freeze, rElec rC- MP-9 Str+9}
   (You bought it in a shop on level 2 of the Shoals)

   It causes projectiles fired from it to freeze those they strike, causing
   extra injury to most foes and up to half again as much damage against
   particularly susceptible opponents.
   They can also slow down cold-blooded creatures.
   It affects your strength (+9).
   It makes you vulnerable to cold.
   It insulates you from electricity.
   It affects your magic capacity (-9).
Missiles
 a - 109 sling bullets
Armour
 l - the +3 pair of gauntlets of War (melded) {Slay+5}
   (You found it on level 5 of the Dungeon)

   It affects your accuracy and damage with ranged weapons and melee attacks
   (+5).
 y - a scarf of resistance (worn)
 D - a +0 buckler (melded)
 I - a +2 hat (worn)
 W - a +2 pair of boots of stealth (worn)
Jewellery
 d - a +4 ring of slaying (right scythe-like blade)
 v - an uncursed ring of protection from cold
 J - an uncursed ring of positive energy
 K - a +4 ring of evasion
 L - an amulet of regeneration (around neck)
 N - the ring of Cextakir (left scythe-like blade) {rPois MR+ Dex+5 Slay-3}
   (You bought it in a shop on level 2 of the Shoals)

   [ring of poison resistance]

   It affects your dexterity (+5).
   It affects your accuracy and damage with ranged weapons and melee attacks
   (-3).
   It protects you from poison.
   It affects your resistance to hostile enchantments.
Wands
 p - a wand of polymorph (26)
 s - a wand of paralysis (33)
 G - a wand of iceblast (14)
 O - a wand of flame (27)
 P - a wand of enslavement (6)
 S - a wand of digging (8)
 U - a wand of random effects (13)
 V - a wand of acid (5)
Scrolls
 j - 2 scrolls of immolation
 k - 7 scrolls of enchant armour
 n - 6 scrolls of fog
 o - 17 scrolls of remove curse
 w - 6 scrolls of blinking
 x - 6 scrolls of identify
 A - 6 scrolls of teleportation
 B - 11 scrolls of magic mapping
 H - 5 scrolls of amnesia
 Q - a scroll of silence
 X - a scroll of torment
 Y - a scroll of summoning
 Z - 2 scrolls of vulnerability
Potions
 c - 5 potions of brilliance
 e - 8 potions of haste
 f - 7 potions of heal wounds
 g - 3 potions of might
 h - 8 potions of curing
 m - 8 potions of ambrosia
 q - 4 potions of mutation
 r - 3 potions of lignification
 t - 2 potions of berserk rage
 u - 3 potions of cancellation
 z - 3 potions of resistance
 C - 4 potions of flight
 E - 4 potions of magic
 F - 3 potions of stabbing
 M - a potion of invisibility
Miscellaneous
 i - a box of beasts (3/3)
 R - a tin of tremorstones (3/3)
 T - a condenser vane (1/2)


   Skills:
 - Level 15.8 Fighting
 - Level 6.0 Slings
 - Level 11.5 Dodging
 - Level 4.0 Shields
 - Level 19.2 Unarmed Combat
 + Level 6.8 Spellcasting
 - Level 13.0 Summonings
 + Level 10.2 Transmutations
 - Level 3.0 Ice Magic
 - Level 4.0 Air Magic
 - Level 10.0 Evocations


You had 4 spell levels left.
You knew the following spells:

 Your Spells              Type           Power        Failure   Level
a - Beastly Appendage     Tmut           #####.       9%          1
b - Wereblood             Tmut           #####...     10%         2
c - Spider Form           Tmut/Pois      ###.......   32%         3
d - Ice Form              Ice/Tmut       ####....     43%         4
e - Blade Hands           Tmut           #####.....   34%         5
f - Call Canine Familiar  Summ           #####...     9%          3
g - Summon Lightning Spi  Summ/Air       ####....     28%         4
h - Summon Ice Beast      Ice/Summ       ####....     32%         4

Your spell library contained the following spells:

 Spells                   Type           Power        Failure   Level
 Summon Small Mammal      Summ           ####         6%          1
 Call Imp                 Summ           #####...     7%          2
 Passwall                 Tmut/Erth      ###.....     22%         2
 Summon Guardian Golem    Hex/Summ       ####....     24%         3
 Ignite Poison            Fire/Tmut/Pois ###.....     45%         3
 Animate Skeleton         Necr           #.....       52%         1
 Apportation              Tloc           #.....       52%         1
 Corona                   Hex            #......      52%         1
 Foxfire                  Conj/Fire      #...         52%         1
 Magic Dart               Conj           #...         52%         1
 Sandblast                Erth           #.....       52%         1
 Petrify                  Tmut/Erth      ###.....     56%         4
 Static Discharge         Conj/Air       ##......     58%         3
 Searing Ray              Conj           #.....       61%         2
 Slow                     Hex            #.......     61%         2
 Confusing Touch          Hex            #.......     78%         3
 Dazzling Flash           Conj/Hex       #.....       78%         3
 Gell's Gravitas          Tloc           #.........   78%         3
 Inner Flame              Hex/Fire       #.......     78%         3
 Portal Projectile        Hex/Tloc       #.....       78%         3
 Stone Arrow              Conj/Erth      #.....       78%         3
 Cause Fear               Hex            #.........   97%         4
 Fulminant Prism          Conj/Hex       #.........   97%         4
 Iskenderun's Mystic Bla  Conj/Tloc      #.......     97%         4
 Leda's Liquefaction      Hex/Erth       #.........   97%         4
 Summon Demon             Summ           #####.....   19%         5
 Yara's Violent Unravell  Hex/Tmut       ###.......   82%         5
 Lightning Bolt           Conj/Air       ##........   98%         5
 Silence                  Hex/Air        ##........   98%         5
 Metabolic Englaciation   Hex/Ice        ##........   99%         5
 Dragon Form              Tmut           #####.....   99%         7
 Lee's Rapid Deconstruct  Erth           #.........   100%        5
 Spellforged Servitor     Conj/Summ      ####......   100%        7
 Discord                  Hex            #.........   100%        8
 Ignition                 Fire           #.........   100%        8
 Dragon's Call            Summ           #####.....   100%        9
 Shatter                  Erth           #.........   100%        9
 Tornado                  Air            ###.......   100%        9


Dungeon Overview and Level Annotations

Branches:
Dungeon (14/15)            Temple (1/1) D:5            Lair (6/6) D:11
 Shoals (4/4) Lair:2        Snake (4/4) Lair:3        Slime (0/5) Lair:6
    Orc (2/2) D:10            Elf (0/3) Orc:2        Vaults (1/5) D:14

Altars:
Ashenzari
Cheibriados
Dithmenos
Elyvilon
Fedhas
Gozag
Hepliaklqana
Kikubaaqudgha
Makhleb
Nemelex Xobeh
Okawaru
Qazlal
Ru
Sif Muna
Trog
Uskayaw
Vehumet
Wu Jian
Xom
Yredelemnul
Zin
The Shining One
Beogh
Jiyva

Shops:
D:4 (:(=*   D:12 *[   D:13 [   Orc:2 (:[*?   Shoals:1 ?   Shoals:2 **
Snake:1 [*}   Snake:3 ?

Annotations:
Lair:5 exclusion: 3 oklob plants
Lair:6 1 runed translucent door


Innate Abilities, Weirdness & Mutations

You can breathe bolts of dispelling energy.
Your rich purple scales are hard. (AC +10)
You cannot fit into any form of body armour.
You are cold-blooded and may be slowed by cold attacks.
You occasionally shout uncontrollably at your foes.


Message History

The merfolk throws a boomerang.
The boomerang hits you!
* * * LOW HITPOINT WARNING * * *
The weapon returns to the merfolk!
A water elemental comes into view.
The sea snake barely misses you.
As you read the scroll of teleportation, it crumbles to dust.
You feel strangely unstable.
You feel very sick.
A water elemental comes into view.
You shout at the water elemental!
The alligator snapping turtle bites you from afar!
* * * LOW HITPOINT WARNING * * *
The sea snake barely misses you.
The merfolk throws a boomerang.
The boomerang closely misses you.
The weapon returns to the merfolk!
You feel ready to backstab.
* * * LOW HITPOINT WARNING * * *
You feel sick.
The merfolk aquamancer casts a spell at you.
The torrent of water hits you!!
You die...

,,≈≈≈≈≈≈≈≈≈≈≈≈≈≈,≈≈≈≈≈≈≈≈≈≈≈≈≈≈≈
,,≈≈≈≈≈≈≈≈≈≈≈≈≈≈≈≈≈≈≈≈≈≈≈≈≈≈≈≈≈≈
**≈≈≈≈≈≈≈≈≈≈≈≈m≈≈≈≈≈≈≈≈≈≈≈≈≈≈≈≈≈
,**≈≈≈≈≈≈≈≈≈E≈≈≈≈≈≈≈≈≈≈≈≈≈≈≈≈≈≈≈
,,*≈P≈≈P.≈≈≈≈...E≈≈≈≈≈≈≈≈≈≈≈≈≈≈≈
,,*..≈≈≈≈≈≈≈.m....≈≈≈≈≈≈≈≈≈≈≈≈≈≈
,,*P..P≈≈≈.........≈≈≈≈≈≈≈≈≈≈≈≈≈
,##.P≈...≈.........≈≈≈≈≈≈≈≈≈≈≈≈≈
##...PP..P......@S..≈≈≈≈≈≈≈≈≈≈≈≈
≈≈.....≈≈≈..#####...≈≈≈≈≈≈≈≈≈≈≈≈
≈≈.#.PP≈≈≈.##...##t.≈≈≈≈≈≈≈≈≈≈≈≈
≈.P#....≈..#?..mm#m.≈≈≈≈≈≈≈≈≈≈≈≈
....PP.≈≈..#..[..'†≈≈≈≈≈≈≈≈≈≈≈≈≈
P.†P.P..≈..#....m#.≈≈≈≈≈≈≈≈≈≈≈≈≈
≈PP≈P......##...##≈≈≈≈≈≈≈≈≈≈≈≈≈≈
P≈≈.†.......####*≈≈≈≈≈≈≈≈≈≈≈≈≈≈≈
≈≈≈.≈.....≈≈≈≈≈≈≈≈≈≈≈≈≈≈≈≈≈≈≈≈≈≈


You could see an alligator snapping turtle, a merfolk avatar, a sea snake, a
merfolk aquamancer, a merfolk and 2 water elementals.

Vanquished Creatures
  Rupert (Orc:2)
  Jorgrun (Snake:1)
  Agnes (Snake:3)
  Kirke (Snake:4)
  Ilsuiw (Shoals:3)
  7 nagarajas (Snake:4)
  2 orc warlords
  Aizul (Snake:3)
  An ironheart preserver (D:14)
  A fire dragon (Lair:6)
  Josephine (Orc:2)
  3 merfolk impalers
  3 hydras
  The ghost of Plog the Tainter, a journeyman DgVM (D:12)
  An ice dragon (Lair:6)
  10 naga warriors
  Erolcha (D:12)
  2 merfolk avatars
  3 centaur warriors
  20 anacondas
  An alligator snapping turtle (Shoals:1)
  A merfolk aquamancer (Shoals:3)
  2 ogre magi
  6 two-headed ogres
  2 tengu warriors (D:13)
  Urug (Orc:2)
  2 orc high priests (Orc:2)
  11 shock serpents
  Nergalle (D:10)
  14 naga sharpshooters
  7 salamander mystics
  An unseen horror (D:12)
  13 sea snakes
  7 naga ritualists
  A swamp dragon (Lair:6)
  Pikel (D:5)
  A necromancer (Lair:6)
  23 harpies
  4 orc knights (Orc:2)
  4 orc sorcerers (Orc:2)
  13 mana vipers
  7 lindwurms
  5 ugly things
  8 manticores
  A cyclops (D:14)
  13 salamanders
  A faun (Shoals:2)
  4 oklob plants (Lair:3)
  9 elephants
  31 black mambas
  Joseph (D:7)
  8 merfolk sirens
  20 naga magi
  5 torpor snails (Lair:6)
  6 guardian serpents (Snake:4)
  Maurice (D:8)
  4 water nymphs
  3 gargoyles
  Maggie (D:8)
  Psyche (D:8)
  4 centaur skeletons
  11 cane toads
  An efreet (D:14)
  9 komodo dragons
  7 rime drakes
  A freezing wraith (D:14)
  5 trolls
  22 merfolk
  A queen bee (Lair:5)
  3 tyrant leeches (Lair:6)
  7 hornets
  3 meliai (Lair:5)
  A polar bear (Lair:6)
  2 wind drakes
  A blink frog (shapeshifter) (D:13)
  2 dream sheep (Lair:6)
  7 slime creatures
  12 hippogriffs
  19 blink frogs
  10 snapping turtles
  Sigmund (D:5)
  A centaur simulacrum (D:14)
  A redback (D:14)
  A shadow (D:11)
  5 water elementals
  4 basilisks
  2 wyverns
  Eustachio (D:4)
  3 hogs
  6 wraiths
  48 yaks
  A fire elemental (Lair:3)
  3 fire bats (Lair:3)
  A nameless horror (Orc:1)
  2 steam dragons (Lair:6)
  Edmund (D:5)
  42 nagas
  14 water moccasins
  4 acid dragons
  Duvessa (D:5)
  10 porcupines
  2 swamp drakes (Lair:6)
  41 orc warriors
  2 black bears
  A phantom (D:11)
  2 sky beasts
  A necrophage (D:5)
  2 ice beasts (D:5)
  2 eyes of draining
  17 wolves
  15 ogres
  3 centaurs
  21 crocodiles
  A big kobold (D:14)
  14 bullfrogs
  3 wyvern zombies
  Dowan (D:5)
  4 scorpions
  46 killer bees
  6 wights
  3 howler monkeys
  8 electric eels
  6 jellies
  21 orc priests
  Crazy Yiuf (D:5)
  2 centaur zombies
  4 hounds
  5 iguanas
  44 orc wizards
  5 polar bear simulacra (Lair:6)
  8 worker ants
  2 yak simulacra (Lair:6)
  A hell rat (Lair:5)
  A wolf simulacrum (Lair:6)
  A killer bee zombie (D:6)
  2 hound zombies
  A worker ant zombie (D:8)
  12 adders
  11 gnolls
  2 white imps (D:7)
  2 ufetubi
  2 oozes
  4 adder skeletons
  7 worms
  A dart slug (D:3)
  5 leopard geckos
  88 orcs
  2 ball pythons (D:6)
  11 bats
  7 giant cockroaches
  11 goblins
  9 hobgoblins
  20 jackals
  6 quokkas
  5 frilled lizards
  9 kobolds
  A leopard gecko skeleton (D:6)
  A leopard gecko zombie (D:5)
  2 quokka zombies (D:5)
  9 rats
  3 river rat simulacra (Lair:6)
1116 creatures vanquished.

Vanquished Creatures (collateral kills)
  A merfolk avatar (Shoals:4)
  2 hydras
  A centaur warrior (D:14)
  An orc high priest (Orc:2)
  2 naga sharpshooters (Snake:4)
  A shock serpent (Snake:3)
  A salamander mystic (Snake:4)
  A mana viper (Snake:3)
  An orc sorcerer (Orc:2)
  A deep elf mage (D:14)
  A salamander (Snake:4)
  A cyclops (D:14)
  A naga mage (Snake:4)
  A black mamba (Snake:4)
  A komodo dragon (Lair:5)
  2 wind drakes
  3 blink frogs (Lair:1)
  5 dream sheep (Lair:6)
  3 yaks
  A basilisk (Lair:6)
  A naga (Snake:4)
  A water moccasin (Lair:2)
  2 orc warriors
  A killer bee (D:12)
  An orc priest (Orc:2)
  2 orcs (Orc:1)
39 creatures vanquished.

Vanquished Creatures (others)
  A black mamba (Snake:4)
  An orc (D:10)
  42 fungi
  85 plants
129 creatures vanquished.

Grand Total: 1284 creatures vanquished

Notes
Turn   | Place    | Note
-------+----------+-------------------------------------------
     0 | D:1      | looop the Draconian Transmuter began the quest for the Orb.
     0 | D:1      | Reached XP level 1. HP: 16/16 MP: 3/3
   146 | D:1      | Reached XP level 2. HP: 23/23 MP: 3/5
   303 | D:1      | Learned a level 2 spell: Wereblood
   812 | D:1      | Reached XP level 3. HP: 29/29 MP: 6/6
   943 | D:2      | Found a faded altar of an unknown god.
   963 | D:2      | Learned a level 3 spell: Spider Form
  1217 | D:2      | Reached XP level 4. HP: 12/36 MP: 4/7
  1531 | D:2      | Reached skill level 4 in Unarmed Combat
  1903 | D:2      | Found a white marble altar of Elyvilon.
  2107 | D:2      | Reached XP level 5. HP: 42/42 MP: 8/8
  2893 | D:3      | You fall into a shaft and drop 1 floor!
  2901 | D:4      | Noticed a water moccasin
  2911 | D:4      | Killed a water moccasin
  2911 | D:4      | Reached skill level 5 in Unarmed Combat
  2911 | D:4      | Reached XP level 6. HP: 24/51 MP: 6/9
  3195 | D:4      | Found Lukhimuc's General Store.
  3209 | D:4      | Bought 2 scrolls of fog for 40 gold pieces
  3209 | D:4      | Bought a scroll of enchant armour for 75 gold pieces
  3242 | D:4      | Found Jojoha Guga's Jewellery Shoppe.
  3253 | D:4      | Your scales start taking on a rich purple colour.
  3253 | D:4      | Reached XP level 7. HP: 39/57 MP: 10/10
  3634 | D:4      | Found Xita's Antique Weapon Shop.
  3652 | D:4      | Found Vefam's Book Emporium.
  3713 | D:4      | Found a stormy altar of Qazlal.
  3754 | D:4      | Found Asueg's Weapon Boutique.
  3838 | D:4      | Noticed Eustachio
  3861 | D:4      | Killed Eustachio
  3861 | D:4      | Reached skill level 6 in Unarmed Combat
  3919 | D:5      | Entered Level 5 of the Dungeon
  3947 | D:5      | Learned a level 5 spell: Blade Hands
  3952 | D:5      | Noticed Edmund
  3967 | D:5      | Killed Edmund
  4235 | D:5      | Noticed Pikel
  4250 | D:5      | Killed Pikel
  4250 | D:5      | Reached skill level 7 in Unarmed Combat
  4250 | D:5      | Reached skill level 5 in Transmutations
  4250 | D:5      | Reached XP level 8. HP: 42/67 MP: 9/13
  4454 | D:5      | Reached skill level 5 in Fighting
  4639 | D:5      | Found a staircase to the Ecumenical Temple.
  4646 | Temple   | Entered the Ecumenical Temple
  4894 | Temple   | Became a worshipper of the Wu Jian Council
  4931 | D:5      | Noticed Sigmund
  4946 | D:5      | Killed Sigmund
  4968 | D:5      | Noticed Duvessa
  4969 | D:5      | Noticed Dowan
  4980 | D:5      | Killed Duvessa
  4980 | D:5      | Reached XP level 9. HP: 61/74 MP: 15/15
  4984 | D:5      | Killed Dowan
  5103 | D:5      | Found a runed translucent door.
  5104 | D:5      | Noticed Crazy Yiuf
  5163 | D:5      | Found the +3 pair of gauntlets of War {Slay+5}
  5690 | D:5      | Killed Crazy Yiuf
  5738 | D:6      | Learned a level 4 spell: Ice Form
  6363 | D:6      | Reached skill level 8 in Unarmed Combat
  6605 | D:7      | Noticed Joseph
  6647 | D:7      | Reached skill level 5 in Dodging
  6671 | D:7      | Killed Joseph
  6937 | D:7      | Reached skill level 1 in Slings
  6976 | D:7      | Found a sparkling altar of Nemelex Xobeh.
  6982 | D:7      | Found a radiant altar of Vehumet.
  6987 | D:7      | Found an opulent altar of Gozag.
  6989 | D:7      | Found a blossoming altar of Fedhas.
  6989 | D:7      | Found a hide-covered altar of Uskayaw.
  7047 | D:7      | Reached skill level 9 in Unarmed Combat
  7364 | D:8      | Noticed Maurice
  7377 | D:8      | Reached * piety under Wu Jian
  7441 | D:8      | Killed Maurice
  7641 | D:8      | Reached XP level 10. HP: 80/86 MP: 17/17
  7693 | D:8      | Noticed Maggie
  7701 | D:8      | Killed Maggie
  7911 | D:8      | Noticed Psyche
  7934 | D:8      | Killed Psyche
  8112 | D:8      | Reached skill level 10 in Unarmed Combat
  8457 | D:9      | Reached ** piety under Wu Jian
  9158 | D:9      | Found a shimmering blue altar of Sif Muna.
  9187 | D:9      | Identified Sif Muna's Reference Book on Moulding
  9343 | D:10     | Entered Level 10 of the Dungeon
  9343 | D:10     | Noticed Nergalle
  9355 | D:10     | Killed Nergalle
  9402 | D:10     | Found a staircase to the Orcish Mines.
  9407 | D:10     | Found a roughly hewn altar of Beogh.
  9567 | D:10     | Reached skill level 11 in Unarmed Combat
  9736 | D:10     | Noticed a gargoyle
  9754 | D:10     | Killed a gargoyle
 10020 | D:10     | Reached XP level 11. HP: 95/95 MP: 18/18
 10104 | D:10     | Reached *** piety under Wu Jian
 10451 | D:10     | Reached skill level 1 in Shields
 10687 | D:11     | Noticed a cyan ugly thing
 10694 | D:11     | Killed a cyan ugly thing
 10723 | D:11     | Noticed a two-headed ogre
 10743 | D:11     | Reached skill level 5 in Spellcasting
 10746 | D:11     | Killed a two-headed ogre
 10929 | D:11     | Noticed a cyan ugly thing
 11017 | D:11     | Killed a cyan ugly thing
 11233 | D:11     | Reached **** piety under Wu Jian
 11948 | D:11     | Found a staircase to the Lair.
 12283 | Lair:1   | Entered Level 1 of the Lair of Beasts
 12422 | Orc:1    | Entered Level 1 of the Orcish Mines
 12435 | Orc:1    | Reached skill level 5 in Slings
 12436 | Orc:1    | Reached XP level 12. HP: 77/106 MP: 19/19
 12436 | Orc:1    | Reached skill level 12 in Unarmed Combat
 12442 | Orc:1    | Reached skill level 10 in Fighting
 12873 | Orc:2    | Entered Level 2 of the Orcish Mines
 12936 | Orc:2    | Noticed Rupert
 12956 | Orc:2    | Killed Rupert
 12972 | Orc:2    | Reached ***** piety under Wu Jian
 13332 | Orc:2    | Found Xoanno Bone's Magic Scroll Shoppe.
 13352 | Orc:2    | Bought a scroll of magic mapping for 49 gold pieces
 13352 | Orc:2    | Bought a scroll of identify for 28 gold pieces
 13352 | Orc:2    | Bought a scroll of identify for 28 gold pieces
 13352 | Orc:2    | Identified a scroll of acquirement
 13355 | Orc:2    | Acquired a manual of Summonings
 13361 | Orc:2    | Learned a level 3 spell: Call Canine Familiar
 13392 | Orc:2    | Noticed Josephine
 13406 | Orc:2    | Killed Josephine
 13410 | Orc:2    | Reached skill level 5 in Summonings
 13591 | Orc:2    | Learned a level 4 spell: Summon Lightning Spire
 13659 | Orc:2    | Noticed Urug
 13678 | Orc:2    | Killed Urug
 13986 | Orc:2    | Reached skill level 1 in Air Magic
 13996 | Orc:2    | Gained mutation: You occasionally shout uncontrollably at
                  | your foes. [a neqoxec]
 15051 | Orc:1    | Noticed an orc warlord
 15580 | Orc:1    | Killed an orc warlord
 16210 | Orc:2    | Noticed an orc warlord
 16592 | Orc:2    | Killed an orc warlord
 16592 | Orc:2    | Reached XP level 13. HP: 77/114 MP: 16/21
 17484 | Orc:2    | Found a staircase to the Elven Halls.
 17728 | Orc:2    | Reached skill level 10 in Summonings
 18143 | Lair:1   | You fall into a shaft and drop 1 floor!
 19733 | Lair:2   | Found a staircase to the Shoals.
 20062 | Lair:3   | You fall into a shaft and drop 3 floors!
 20062 | Lair:6   | Entered Level 6 of the Lair of Beasts
 20077 | Lair:6   | Reached skill level 13 in Unarmed Combat
 20459 | Lair:5   | Reached ****** piety under Wu Jian
 20470 | Lair:5   | Reached XP level 14. HP: 50/124 MP: 23/23
 22167 | Lair:3   | Found a staircase to the Snake Pit.
 23095 | Lair:3   | Reached skill level 14 in Unarmed Combat
 24499 | Lair:6   | Learned a level 4 spell: Summon Ice Beast
 24590 | Lair:6   | Found a runed translucent door.
 24590 | Lair:6   | Found a viscous altar of Jiyva.
 24590 | Lair:6   | Noticed an azure jelly
 24591 | Lair:6   | Noticed an azure jelly
 24594 | Lair:6   | Found a staircase to the Slime Pits.
 24602 | Lair:6   | Reached skill level 1 in Ice Magic
 25309 | Lair:6   | Found a runed translucent door.
 26217 | Lair:6   | Reached XP level 15. HP: 108/134 MP: 15/24
 26445 | D:12     | Reached skill level 10 in Transmutations
 26820 | Orc:2    | Found Helepsikk's Antique Armour Emporium.
 26821 | Orc:2    | Found Eschimimp's Antique Weapon Shoppe.
 26822 | Orc:2    | Found Uger's General Store.
 26822 | Orc:2    | Found Xerocopu's Book Emporium.
 26826 | Orc:2    | Bought a potion of ambrosia for 144 gold pieces
 26826 | Orc:2    | Bought a potion of might for 72 gold pieces
 26836 | Orc:2    | Bought a pair of embroidered boots for 142 gold pieces
 27111 | D:12     | Found Vyune's General Store.
 27133 | D:12     | Bought a box of beasts (3/3) for 260 gold pieces
 27133 | D:12     | Bought 3 scrolls of identify for 78 gold pieces
 27246 | D:12     | Noticed Erolcha
 27249 | D:12     | Killed Erolcha
 27330 | D:12     | Reached skill level 1 in Evocations
 27338 | D:12     | Reached skill level 15 in Unarmed Combat
 27374 | D:12     | Found Elodello's Antique Armour Shop.
 27382 | D:12     | Bought a runed hat for 168 gold pieces
 27469 | D:12     | Found a large runed translucent door.
 27470 | D:12     | Found a large runed translucent door.
 27473 | D:12     | Noticed Plog's ghost (journeyman DgVM)
 27773 | D:12     | Killed Plog's ghost
 28484 | D:13     | Found Jouticw's Antique Armour Emporium.
 28495 | D:13     | Bought a runed cloak for 217 gold pieces
 28565 | D:13     | Found a burning altar of Makhleb.
 29475 | D:14     | Reached skill level 5 in Evocations
 29586 | D:14     | Found a gate to the Vaults.
 30414 | Snake:1  | Entered Level 1 of the Snake Pit
 30523 | Snake:1  | Found Rase Ucwu's Gadget Boutique.
 30525 | Snake:1  | Found Puamnof's General Store.
 30527 | Snake:1  | Found Sizol's Armour Boutique.
 30667 | Snake:1  | Bought a tin of tremorstones (3/3) for 560 gold pieces
 30667 | Snake:1  | Bought a condenser vane (2/2) for 280 gold pieces
 31194 | Snake:1  | Noticed Jorgrun
 31214 | Snake:1  | Killed Jorgrun
 31701 | Snake:2  | Reached skill level 16 in Unarmed Combat
 32304 | Snake:2  | Reached XP level 16. HP: 138/144 MP: 25/25
 33595 | Snake:3  | Found Vohiptur's Magic Scroll Emporium.
 33614 | Snake:3  | Bought a scroll of torment for 120 gold pieces
 33614 | Snake:3  | Bought a scroll of summoning for 152 gold pieces
 34195 | Snake:3  | Noticed Agnes
 34202 | Snake:3  | Noticed Aizul
 34212 | Snake:3  | Killed Agnes
 34212 | Snake:3  | Reached skill level 10 in Evocations
 34217 | Snake:3  | Killed Aizul
 34692 | Shoals:1 | Entered Level 1 of the Shoals
 35014 | Snake:4  | Entered Level 4 of the Snake Pit
 35707 | Snake:4  | Reached skill level 17 in Unarmed Combat
 36138 | Snake:4  | Noticed Kirke
 36147 | Snake:4  | Killed Kirke
 36409 | Snake:4  | Reached XP level 17. HP: 111/152 MP: 26/26
 36855 | Snake:4  | Reached skill level 10 in Dodging
 38285 | Snake:4  | Reached skill level 18 in Unarmed Combat
 38611 | Snake:4  | Reached skill level 15 in Fighting
 39028 | Snake:4  | Got a serpentine rune of Zot
 39474 | Vaults:1 | Entered Level 1 of the Vaults
 40068 | Shoals:1 | Found Niyd's Magic Scroll Shop.
 40475 | Shoals:2 | Found Kusol's Mass Market.
 41361 | Shoals:2 | Found Peydiur's Assorted Antiques.
 41369 | Shoals:2 | Bought a twitching silver ring for 120 gold pieces
 41369 | Shoals:2 | Bought a hardcover book for 360 gold pieces
 41373 | Shoals:2 | Identified the ring of Cextakir {rPois MR+ Dex+5 Slay-3}
                  | (You bought it in a shop on level 2 of the Shoals)
 41427 | Shoals:2 | Reached XP level 18. HP: 163/163 MP: 27/27
 42195 | Shoals:3 | Noticed Ilsuiw
 42202 | Shoals:3 | Reached skill level 19 in Unarmed Combat
 42207 | Shoals:3 | Killed Ilsuiw
 42363 | Shoals:4 | Entered Level 4 of the Shoals
 42468 | Shoals:2 | Bought a polished fustibalus for 480 gold pieces
 42468 | Shoals:2 | Identified the +9 fustibalus of Vanarghil {freeze, rElec
                  | rC- MP-9 Str+9} (You bought it in a shop on level 2 of the
                  | Shoals)
 42653 | Shoals:4 | Identified the Reference Book on the Nocuous Entourage
 42960 | Shoals:4 | Found a bloodstained altar of Trog.
 43514 | Shoals:4 | HP: 7/166 [alligator snapping turtle (16)]
 43515 | Shoals:4 | Killed from afar by a merfolk aquamancer

Illustrated notes

Levels and vault maps discovered:
D:1:      heliophobic_arrival_battle_scene, layout_basic
D:2:      layout_basic, lemuel_crystal_altar, chequers_ecumenical_altar_simple,
          minmay_3d_cube
D:3:      layout_basic, hangedman_abyss_or_decor_lesser_grid
D:4:      minmay_chambers_of_twos, layout_cave_pools,
          lemuel_coloured_pillars_altar, serial_shops, shop_fountains, shop,
          nicolae_shop_stone, shop, shop, uniq_eustachio
D:5:      layout_loops_corners, temple_fountains, uniq_sigmund, uniq_pikel,
          uniq_crazy_yiuf_cottage, uniq_duvessa, uniq_edmund
D:6:      layout_basic
D:7:      layout_rooms, grunt_temple_overflow_open, minmay_curled_crystal,
          minmay_misc_feat_hallway, uniq_joseph
D:8:      layout_loops_ring, hex_medium, uniq_maggie, uniq_maurice, uniq_psyche
D:9:      layout_rooms, led_sif_book
D:10:     layout_basic, minmay_orc_entry_temple_small, uniq_nergalle
D:11:     layout_basic, minmay_lair_entry_grove
D:12:     layout_long_grid, serial_shops, shop, shop,
          ebering_ghost_disaster_area, uniq_erolcha
D:13:     layout_grid_maze, basic_altar, serial_shops, nicolae_shop_statue_plus
D:14:     layout_irregular_city, skrybe_vaults_entry_preservation,
          nicolae_two_hexagons, minivault_25_ag, minivault_28
Temple:   minmay_temple_curvy_branch
Lair:1:   layout_chaotic_city, grunt_megastairs_2, serial_bayou_shore_a
Lair:2:   layout_chaotic_city, minmay_shoals_entry_lonely_mermaid
Lair:3:   minmay_lair_oklob_tunnel, layout_gridlike,
          guppyfry_snake_entry_island, grunt_megastairs_5
Lair:4:   layout_roguey, lemuel_fruit_fields
Lair:5:   hangedman_what_comes_after_a, layout_long_grid
Lair:6:   wormcave, layout_regular_city, guppyfry_lair_end_dragon,
          slime_altar_2, minivault_11, ldierk_geyser, eino_house_with_fridge
Shoals:1: layout_shoals, serial_shops, shop
Shoals:2: layout_shoals, serial_shops, shop, minmay_shop_mass
Shoals:3: layout_shoals, nicolae_shoals_loop_pool, uniq_ilsuiw
Shoals:4: shoals_end_simple, layout_shoals, lemuel_altar_in_water2
Snake:1:  layout_honeycomb, minmay_shop_star, serial_bayou_shore_b,
          lemuel_fruit_tree, uniq_jorgrun
Snake:2:  layout_basic, minmay_snake_pond
Snake:3:  cheibrodos_forgotten_conduit, layout_cave_town, serial_shops, shop,
          uniq_aizul, uniq_agnes
Snake:4:  snake_pit_salamanders_mu, layout_cave_town, grunt_ministairs_2,
          uniq_kirke
Orc:1:    layout_caves
Orc:2:    st_orc_congregation, layout_diamond_mine, serial_shops,
          nicolae_shop_window_shopping, uniq_josephine, uniq_rupert, uniq_urug
Vaults:1: vaults_mumra_lcd, vaults_room_large_hall, grunt_vaults_twisty,
          serial_ice_g, v_misc_14, vaults_mumra_hex,
          ontoclasm_vaults_claustrophobia, hangedman_vaults_variations,
          v_rooms_1, nicolae_vaults_hallways_thing, nicolae_vaults_network_star,
          v_misc_18, st_diamondy, nicolae_vaults_little_squares_6,
          layout_vaults_ring, portal_desolation_entry_nicolae_slug,
          uniq_asterion

Skill      XL: |  1  2  3  4  5  6  7  8  9 10 11 12 13 14 15 16 17 18 |
---------------+-------------------------------------------------------+-----
Dodging        | 2 3 4 5 7 8 9 11 | 11.5
Fighting       | 2 3 4 5 7 8 9 10 11 12 13 14 15 | 15.8
Unarmed Combat | 4 5 7 9 11 12 13 14 16 17 18 19 | 19.2
Transmutations | 3 5 6 8 9 10 | 10.2
Spellcasting   | 3 4 5 6 |  6.8
Slings         | 2 3 5 6 |  6.0
Shields        | 4 |  4.0
Summonings     | 8 12 13 | 13.0
Air Magic      | 4 |  4.0
Ice Magic      | 3 |  3.0
Evocations     | 7 10 | 10.0

Action                   |  1- 3 |  4- 6 |  7- 9 | 10-12 | 13-15 | 16-18 || total
-------------------------+-------+-------+-------+-------+-------+-------++-------
Melee: Unarmed           |    71 |    83 |   151 |   613 |  1285 |   824 ||  3027
       Kick              |     2 |     4 |     6 |    30 |       |       ||    42
       Tailslap          |     5 |     6 |    18 |    90 |   191 |   113 ||   423
       Headbutt          |     1 |     3 |     8 |    19 |       |       ||    31
       Punch             |       |     2 |     5 |     5 |     5 |    16 ||    33
       Hunting sling     |       |       |       |     2 |       |       ||     2
 Fire: Hunting sling     |       |    92 |    77 |    76 |   245 |   407 ||   897
       Fustibalus        |       |       |       |       |       |    12 ||    12
 Cast: Beastly Appendage |     4 |     3 |     6 |     9 |       |       ||    22
       Wereblood         |     1 |     3 |     2 |     8 |     9 |       ||    23
       Spider Form       |       |     1 |     1 |       |       |       ||     2
       Summon Lightning  |       |       |       |     9 |    24 |    17 ||    50
       Call Canine Famil |       |       |       |     5 |     1 |       ||     6
       Blade Hands       |       |       |       |     1 |    11 |    25 ||    37
       Summon Ice Beast  |       |       |       |       |     8 |    17 ||    25
Invok: Lunge             |       |       |    14 |    64 |    79 |    84 ||   241
       Whirlwind         |       |       |     1 |   102 |   210 |   112 ||   425
       Serpent's Lash    |       |       |       |     7 |     7 |     6 ||    20
 Abil: Breathe Dispellin |       |       |     8 |     7 |     5 |     1 ||    21
       Wall Jump         |       |       |       |     2 |     3 |     2 ||     7
Evoke: Wand              |       |       |       |     1 |       |     5 ||     6
       Condenser vane    |       |       |       |       |       |     1 ||     1
  Use: Scroll            |       |     8 |     5 |     8 |    17 |     8 ||    46
       Potion            |       |       |       |     2 |     4 |     2 ||     8
 Stab: Sleeping          |     1 |       |       |     1 |     8 |     4 ||    14
       Distracted        |       |       |       |       |     2 |     2 ||     4
Armor: Skin              |    21 |    37 |    34 |    86 |   363 |   207 ||   748
Dodge: Dodged            |    46 |    64 |    75 |   226 |   870 |   719 ||  2000
Block: Buckler           |       |       |       |    51 |   246 |   119 ||   416

Table legend: (Time is in decaauts)
 A = Elapsed time spent in this place.
 B = Non-inter-level travel time spent in this place.
 C = Inter-level travel time spent in this place.
 D = Time resting spent in this place.
 E = Time spent auto-exploring this place.
 F = Levels seen in this place.
 G = Mean time per level.
                   A        B        C        D        E       F      G
               +--------+--------+--------+--------+--------+-----+--------+
         Total |  43298 |  40311 |   2987 |   8926 |  24633 |  32 | 1353.1 |
       Dungeon |  16172 |  14924 |   1248 |   1776 |  10862 |  14 | 1155.1 |
        Temple |    273 |    224 |     49 |      0 |    223 |   1 |  273.0 |
          Lair |   8649 |   7884 |    765 |   1500 |   5141 |   6 | 1441.5 |
        Shoals |   4096 |   3701 |    395 |    563 |   2361 |   4 | 1024.0 |
     Snake Pit |   8390 |   8085 |    305 |   2155 |   4401 |   4 | 2097.5 |
  Orcish Mines |   5681 |   5459 |    222 |   2930 |   1626 |   2 | 2840.5 |
        Vaults |     36 |     36 |      0 |      0 |     18 |   1 |   36.0 |
               +--------+--------+--------+--------+--------+-----+--------+

Top non-repeatable levels by time:
   Orc:2: 3704 daAuts
 Snake:4: 3226 daAuts
 Snake:3: 2518 daAuts
  Lair:5: 2029 daAuts
  Lair:6: 2027 daAuts
   Orc:1: 1976 daAuts
    D:11: 1833 daAuts
 Snake:2: 1616 daAuts
     D:1: 1596 daAuts
  Lair:3: 1592 daAuts
    D:10: 1550 daAuts
     D:5: 1530 daAuts
    D:14: 1367 daAuts
    D:13: 1335 daAuts
Shoals:2: 1293 daAuts
